 Dungeon Sprint DCSS version 0.26.0-91-g99b343417d (webtiles) character file.

Game seed: 16982188861573108355

2191 Groucho the Unseen (level 9, -7/34 (52) HPs)
             Began as a Felid Monk on Feb 3, 2021.
             Was the Champion of Wu Jian.
             Mangled by a hell knight
             ... wielding a +4 long sword of draining
              (13 damage)
             ... in the Dungeon (Sprint VII: "The Pits").
             The game lasted 00:14:53 (4567 turns).

Groucho the Unseen (Felid Monk)                     Turns: 4567, Time: 00:14:54

HP:   -7/34 (52)    AC:  2    Str:  9    XL:     9   Next: 12%
MP:   19/19         EV: 18    Int: 14    God:    Wu Jian [******]
Gold: 75            SH:  0    Dex: 21    Spells: 8/8 levels left
                                        Lives: 0   Deaths: 3

rFire    + + .     SeeInvis +     - Unarmed
rCold    . . .     Faith    .   (shield unavailable)
rNeg     + . .     Spirit   .   (armour unavailable)
rPois    .         Reflect  .   (helmet unavailable)
rElec    .         Harm     .   (cloak unavailable)
rCorr    .         Rampage  .   (gloves unavailable)
Will     +....     NoTele   +   (boots unavailable)
Stlth    ++++++++..             (no amulet)
HPRegen  0.11/turn              N - ring "Zymoa" {rF++ rN+ Slay+3}
MPRegen  0.16/turn              K - ring of Birdsong {+Inv +Fly MP+9 Dex+3}

@: petrifying, wreathed by umbra, very heavily drained, slow
A: very small, no armour, no weapons or thrown items, stealth, claws 1, fangs 3,
see invisible, speed 1, shaggy fur 2, sharp paws
a: Renounce Religion, Evoke Invisibility, Evoke Flight, Wall Jump, Serpent's
Lash, Heavenly Storm


You were in the Dungeon.
You worshipped Wu Jian.
Wu Jian was exalted by your worship.
You visited 1 branch You collected 75 gold pieces.

Inventory:

Hand Weapons
 t - the +9 scythe of Zeapitot {spect, rF+}
   (You found it in the Dungeon)

   It retains the spirit of the tree from which it was made.
   In the hands of one skilled in evocations this spirit is drawn out to fight
   along side the wielder.
   It protects you from fire.
 u - the +7 lajatang of Reicaimell {antimagic, +Inv rPois Will++ Int-5}
   (You found it in the Dungeon)

   It reduces the magical energy of the wielder, and disrupts the spells and
   magical abilities of those hit.
   Natural abilities and divine invocations are not affected.
   It affects your intelligence (-5).
   It protects you from poison.
   It affects your willpower, your defense against some magical effects.
   It lets you turn invisible.
 v - a +9 glaive of protection
 w - a +7 triple crossbow of freezing
 x - a +7 triple crossbow of freezing
 y - a +7 executioner's axe of distortion
 z - the +7 executioner's axe "Gooseasukk" {freeze, *Corrode Dex+6}
   (You found it in the Dungeon)

   It has been specially enchanted to freeze those struck by it, causing extra
   injury to most foes and up to half again as much damage against particularly
   susceptible opponents.
   It can also slow down cold-blooded creatures.
   It affects your dexterity (+6).
   It may corrode you when you take damage.
 A - the +9 demon blade of Viny Defiance {freeze, *Rage +Blink rPois rN++}
   (You found it in the Dungeon)

   It has been specially enchanted to freeze those struck by it, causing extra
   injury to most foes and up to half again as much damage against particularly
   susceptible opponents.
   It can also slow down cold-blooded creatures.
   It protects you from poison.
   It greatly protects you from negative energy.
   It lets you blink.
   It may make you go berserk in combat.
Armour
 B - a +6 barding
 C - a +4 cloak
 D - the +2 helmet of the Lair of Beasts {rC+++ rCorr Str-4 Int-3}
   (You found it in the Dungeon)

   It affects your strength (-4).
   It affects your intelligence (-3).
   It renders you almost immune to cold.
   It provides partial protection from all sources of acid and corrosion.
 E - a +4 pair of gloves
 F - a +4 pair of boots
 G - a +2 pair of gloves of strength
 H - a +4 pair of boots
 I - a +4 pair of boots
Jewellery
 k - a +3 ring of protection
 l - a +3 ring of intelligence
 m - the ring "Seujakh" {Fire Stlth+}
   (You found it in the Dungeon)

   [ring of fire]

   It enhances your fire magic.
   It protects you from fire.
   It makes you vulnerable to cold.
   It makes you more stealthy.
 r - an uncursed ring of protection from cold
 s - an uncursed ring of positive energy
 J - the ring of Parghiqye {rN+ Str+7 Int-4 SInv}
   (You found it in the Dungeon)

   [ring of see invisible]

   It affects your strength (+7).
   It affects your intelligence (-4).
   It protects you from negative energy.
   It lets you see invisible.
 K - the ring of Birdsong (right paw) {+Inv +Fly MP+9 Dex+3}
   (You found it in the Dungeon)

   [ring of flight]

   It affects your dexterity (+3).
   It affects your magic capacity (+9).
   It lets you turn invisible.
   It lets you fly.
 L - the ring "Nomiphy" {rPois Will+}
   (You found it in the Dungeon)

   [ring of willpower]

   It protects you from poison.
   It affects your willpower, your defense against some magical effects.
 M - the ring "Wyar" {*Slow rPois rC++ EV+4 Dex+5}
   (You found it in the Dungeon)

   [ring of evasion]

   It affects your evasion (+4).
   It affects your dexterity (+5).
   It greatly protects you from cold.
   It protects you from poison.
   It may slow you when you take damage.
 N - the ring "Zymoa" (left paw) {rF++ rN+ Slay+3}
   (You found it in the Dungeon)

   [ring of positive energy]

   It affects your accuracy and damage with ranged weapons and melee attacks
   (+3).
   It greatly protects you from fire.
   It protects you from negative energy.
 O - the ring "Ruumum" {*Slow Str+6 Int+3 Dex+6 SInv}
   (You found it in the Dungeon)

   [ring of strength]

   It affects your strength (+6).
   It affects your intelligence (+3).
   It affects your dexterity (+6).
   It lets you see invisible.
   It may slow you when you take damage.
 Q - the amulet "Veath" {RegenMP Will+}
   (You found it in the Dungeon)

   [amulet of magic regeneration]

   It increases your magic regeneration.
   It affects your willpower, your defense against some magical effects.
Wands
 q - a wand of acid (5)
Scrolls
 f - a scroll of fog
 h - 4 scrolls of remove curse
 i - 5 scrolls of amnesia
 j - a scroll of summoning
 p - a scroll of fear
Potions
 a - 5 potions of curing
 b - 8 potions of heal wounds
 c - 3 potions of haste
 d - 4 potions of magic
 e - 10 potions of berserk rage
 g - a potion of invisibility
 n - 2 potions of brilliance
 o - a potion of resistance
 P - 2 potions of might


   Skills:
 + Level 14.2 Fighting
 + Level 17.8 Dodging
 + Level 19.5 Stealth
 + Level 14.2 Unarmed Combat


You had 8 spell levels left.
You didn't know any spells.
Your spell library contained the following spells:

 Spells                   Type           Power        Failure   Level
 Shock                    Conj/Air       0%           28%         1
 Swiftness                Air            0%           41%         2
 Static Discharge         Conj/Air       0%           65%         3
 Airstrike                Air            0%           96%         4
 Lightning Bolt           Conj/Air       0%           100%        5


Dungeon Overview and Level Annotations

Branches:
Dungeon (1/1)

Altars:
Ashenzari
Cheibriados
Dithmenos
Elyvilon
Fedhas
Gozag
Hepliaklqana
Kikubaaqudgha
Makhleb
Nemelex Xobeh
Okawaru
Qazlal
Ru
Sif Muna
Trog
Uskayaw
Vehumet
Wu Jian
Xom
Yredelemnul
Zin
The Shining One
Beogh
Jiyva
Lugonu


Innate Abilities, Weirdness & Mutations

You cannot wear armour.
You are incapable of wielding weapons or throwing items.
Your paws allow you to move quietly. (Stealth)
You have sharp claws.
You have razor-sharp teeth.
You have supernaturally acute eyesight. (SInv)
You cover ground quickly.
You are covered in thick fur. (AC +2)
Your sharp claws are effective at attacking unaware monsters.


Message History

Unknown command.
You spin and attack the bat simulacrum.
The yaktaur captain shouts!
The ancient lich shouts!
You scratch the bat simulacrum.
The bat simulacrum is heavily damaged.
The bat simulacrum completely misses you.
The ancient lich gestures at you while chanting.
You are slowing down.
The bat simulacrum closely misses you. The vault guard closely misses you.
The hell knight hits you from afar with a +5 halberd of flaming!!
* * * LOW HITPOINT WARNING * * *
The hell knight burns you.
Unknown command.
The bunyip changes into a boulder beetle!
The bat simulacrum hits you but does no damage.
The deep elf sorcerer gestures wildly while chanting.
The deep elf sorcerer seems to speed up.
The bat simulacrum hits you but does no damage.
The hell knight hits you with a +4 long sword of draining!!
You die...

## ############## ...
#..#.........#
....#..#.........#
####''#''#####'#####2+
c.cp.c.....Y.2.3.....
#p.Jc.#...peAe....e...
#c.#e...c#Z.#e.p#..#4p
#ec...#.V@p..J..B.....
#p....(..p(...........
####''#''#####'#####'' ...
#..#.........#.. .
#..#.......L.# ##############
#++###########################
#...................§§§S§§....
#........[.†........§§☼i☼§....


You could see a profane servitor, a dire elephant, 2 acid blobs, a yaktaur
captain, a boulder beetle shaped shifter, a deep elf master archer, 2 vault
guards, a blizzard demon, 3 hell knights, a deep elf sorcerer (fast), a vampire
mage, a deep elf demonologist, a deep elf high priest, 3 yaktaurs, a ynoxinul
(summoned) and a bat simulacrum.

Vanquished Creatures
  A rakshasa (D)
  Sonja (D)
  A fire crab (D)
  A sixfirhy (D)
  A deep troll (D)
  A lindwurm (D)
  An orc knight (D)
  2 deep elf magi (D)
  An elephant (D)
  A merfolk siren (D)
  A smoke demon (D)
  A demonic crawler (D)
  A guardian mummy (D)
  A jumping spider (D)
  2 polar bears (D)
  A red devil (D)
  A hornet (D)
  A tyrant leech (D)
  A snapping turtle (D)
  5 blink frogs (D)
  A flying skull (D)
  A shadow (D)
  A spriggan (D)
  A redback (D)
  Eustachio (D)
  Menkaure (D)
  A wraith (D)
  2 steam dragons (D)
  2 wargs (D)
  A soldier ant (D)
  2 water moccasins (D)
  3 centaurs (D)
  A big kobold (D)
  3 small abominations (D)
  6 killer bees (D)
  A crimson imp (D)
  An iron imp (D)
  A hell rat (D)
  A worker ant (D)
  A river rat (D)
  2 adders (D)
  A white imp (D)
  2 oozes (D)
  2 worms (D)
  A leopard gecko (D)
  2 orcs (D)
  2 ball pythons (D)
  2 bat skeletons (D)
  A bat zombie (D)
  3 giant cockroaches (D)
  A goblin (D)
  A hobgoblin (D)
  4 jackals (D)
  A kobold (D)
  2 bats (D)
  A giant cockroach simulacrum (D)
  A leopard gecko skeleton (D)
87 creatures vanquished.

Notes
Turn   | Place    | Note
-------+----------+-------------------------------------------
     0 | D        | Groucho the Felid Monk began the quest for the Orb.
     0 | D        | Reached XP level 1. HP: 10/10 MP: 2/2
    12 | D        | Reached skill level 5 in Stealth
    14 | D        | Found a bloodstained altar of Trog.
    14 | D        | Found a shimmering blue altar of Sif Muna.
    14 | D        | Found a viscous altar of Jiyva.
    14 | D        | Found a hazy altar of Hepliaklqana.
    14 | D        | Found an opulent altar of Gozag.
    15 | D        | Found a glowing golden altar of the Shining One.
    15 | D        | Found a glowing silver altar of Zin.
    15 | D        | Found a basalt altar of Yredelemnul.
    15 | D        | Found a shimmering altar of Xom.
    15 | D        | Found an ornate altar of the Wu Jian Council.
    15 | D        | Found a sacrificial altar of Ru.
    15 | D        | Found a stormy altar of Qazlal.
    15 | D        | Found an iron altar of Okawaru.
    15 | D        | Found a sparkling altar of Nemelex Xobeh.
    15 | D        | Found a burning altar of Makhleb.
    15 | D        | Found a blossoming altar of Fedhas.
    15 | D        | Found a white marble altar of Elyvilon.
    15 | D        | Found a shadowy altar of Dithmenos.
    15 | D        | Found a snail-covered altar of Cheibriados.
    17 | D        | Found a radiant altar of Vehumet.
    17 | D        | Found a corrupted altar of Lugonu.
    17 | D        | Found a roughly hewn altar of Beogh.
    18 | D        | Found a hide-covered altar of Uskayaw.
    18 | D        | Found an ancient bone altar of Kikubaaqudgha.
    18 | D        | Found a broken altar of Ashenzari.
    24 | D        | Became a worshipper of the Wu Jian Council
    24 | D        | Reached * piety under Wu Jian
    24 | D        | Reached ** piety under Wu Jian
    64 | D        | Reached skill level 6 in Stealth
    67 | D        | Reached XP level 2. HP: 14/14 MP: 3/3
    78 | D        | Reached *** piety under Wu Jian
    92 | D        | Reached skill level 7 in Stealth
   408 | D        | Reached **** piety under Wu Jian
   417 | D        | Reached skill level 5 in Dodging
   417 | D        | Reached XP level 3. HP: 17/18 MP: 4/4
   492 | D        | Reached ***** piety under Wu Jian
   493 | D        | Reached skill level 8 in Stealth
   495 | D        | Reached XP level 4. HP: 15/22 MP: 5/5
   495 | D        | Noticed a big kobold
   516 | D        | Killed a big kobold
   517 | D        | Reached skill level 5 in Fighting
   517 | D        | Reached skill level 9 in Stealth
   517 | D        | Reached skill level 5 in Unarmed Combat
   517 | D        | Reached XP level 5. HP: 10/26 MP: 6/6
  1316 | D        | Reached skill level 10 in Stealth
  1710 | D        | Noticed a water moccasin
  1710 | D        | Noticed a flying skull
  1711 | D        | Killed a flying skull
  1712 | D        | Reached skill level 11 in Stealth
  1712 | D        | Gained mutation: You are covered in thick fur. (AC +2)
                  | [Felid growth]
  1712 | D        | Reached XP level 6. HP: 33/33 MP: 7/7
  1713 | D        | Killed a water moccasin
  1714 | D        | Reached skill level 10 in Dodging
  1714 | D        | Reached ****** piety under Wu Jian
  1715 | D        | Reached skill level 12 in Stealth
  1715 | D        | Reached XP level 7. HP: 36/36 MP: 8/8
  1722 | D        | Noticed a smoke demon
  1722 | D        | Noticed a tyrant leech
  1726 | D        | Killed a tyrant leech
  1728 | D        | Killed a smoke demon
  1729 | D        | Reached skill level 13 in Stealth
  1729 | D        | Reached XP level 8. HP: 42/42 MP: 9/9
  1813 | D        | Noticed a red devil
  1817 | D        | Killed a red devil
  1824 | D        | Noticed a merfolk siren
  1827 | D        | Killed a merfolk siren
  1828 | D        | Reached skill level 10 in Fighting
  1828 | D        | Reached skill level 14 in Stealth
  1828 | D        | Reached skill level 10 in Unarmed Combat
  1952 | D        | Reached XP level 9. HP: 47/47 MP: 10/10
  1953 | D        | Noticed a polar bear
  1956 | D        | Killed a polar bear
  1957 | D        | Reached skill level 15 in Stealth
  1971 | D        | Noticed Menkaure
  1971 | D        | Noticed a guardian mummy
  1973 | D        | Killed Menkaure
  1974 | D        | Killed a guardian mummy
  2237 | D        | Noticed a rakshasa
  2241 | D        | Noticed a polar bear
  2250 | D        | Noticed an orc knight
  2278 | D        | Killed a polar bear
  2279 | D        | Reached skill level 16 in Stealth
  2288 | D        | Killed an orc knight
  2289 | D        | Reached XP level 10. HP: 53/53 MP: 11/11
  2292 | D        | Reached skill level 15 in Dodging
  2309 | D        | Killed a rakshasa
  2310 | D        | Reached skill level 17 in Stealth
  2344 | D        | Noticed a sixfirhy
  2395 | D        | HP: 1/54 [sixfirhy (7)]
  2395 | D        | Mangled by a sixfirhy
  2396 | D        | Reached XP level 9. HP: -11/49 MP: 10/10
  2405 | D        | Killed a sixfirhy
  3038 | D        | Noticed a deep elf mage
  3193 | D        | Noticed an elephant
  3223 | D        | Killed a deep elf mage
  3224 | D        | Reached skill level 18 in Stealth
  3224 | D        | Reached XP level 10. HP: 55/55 MP: 11/11
  3239 | D        | Noticed a lindwurm
  3239 | D        | Noticed Eustachio
  3554 | D        | Noticed Sonja
  3555 | D        | Killed Sonja
  3561 | D        | Killed Eustachio
  3568 | D        | Paralysed by a hornet for 1 turns
  3795 | D        | Killed a lindwurm
  3944 | D        | Killed an elephant
  3952 | D        | Noticed a deep elf mage
  3956 | D        | Killed a deep elf mage
  3957 | D        | Reached skill level 19 in Stealth
  3960 | D        | Noticed a deep troll
  3962 | D        | Noticed a fire crab
  3966 | D        | Killed a deep troll
  3968 | D        | Killed a fire crab
  3969 | D        | Reached XP level 11. HP: 60/60 MP: 12/12
  3992 | D        | Noticed an anaconda
  4021 | D        | Slain by an anaconda
  4022 | D        | Reached XP level 10. HP: -4/56 MP: 11/11
  4038 | D        | Got the +9 scythe of Zeapitot {spect, rF+}
  4040 | D        | Got the +7 lajatang of Reicaimell {antimagic, +Inv rPois
                  | Will++ Int-5}
  4050 | D        | Got the +7 executioner's axe "Gooseasukk" {freeze, *Corrode
                  | Dex+6}
  4052 | D        | Got the +9 demon blade of Viny Defiance {freeze, *Rage
                  | +Blink rPois rN++}
  4059 | D        | Got the +2 helmet of the Lair of Beasts {rC+++ rCorr Str-4
                  | Int-3}
  4074 | D        | Noticed an ancient lich
  4074 | D        | Noticed a spriggan air mage
  4074 | D        | Noticed a death knight
  4074 | D        | Noticed a cacodemon
  4074 | D        | Noticed a black draconian shifter
  4074 | D        | Noticed a cacodemon
  4075 | D        | Noticed an acid blob
  4075 | D        | Noticed an ancient lich
  4075 | D        | Noticed a fire dragon
  4075 | D        | Noticed an apis
  4077 | D        | Noticed a yaktaur captain
  4077 | D        | Noticed a lorocyproca
  4077 | D        | Noticed a lorocyproca
  4077 | D        | Noticed a deep elf master archer
  4077 | D        | Noticed a stone giant
  4077 | D        | Noticed a death knight
  4077 | D        | Noticed a dire elephant
  4078 | D        | Noticed an acid blob
  4078 | D        | Noticed a hell knight
  4078 | D        | Noticed a hell knight
  4078 | D        | Noticed a hell knight
  4079 | D        | Noticed a vault guard
  4079 | D        | Hit by a large rock thrown by a stone giant
  4080 | D        | Reached XP level 9. HP: -24/52 MP: 10/10
  4080 | D        | Got the ring "Seujakh" {Fire Stlth+}
  4082 | D        | Got the ring of Parghiqye {rN+ Str+7 Int-4 SInv}
  4084 | D        | Got the ring of Birdsong {+Inv +Fly MP+9 Dex+3}
  4086 | D        | Got the ring "Nomiphy" {rPois Will+}
  4088 | D        | Got the ring "Wyar" {*Slow rPois rC++ EV+4 Dex+5}
  4090 | D        | Got the ring "Zymoa" {rF++ rN+ Slay+3}
  4093 | D        | Got the ring "Ruumum" {*Slow Str+6 Int+3 Dex+6 SInv}
  4115 | D        | Got the amulet "Veath" {RegenMP Will+}
  4561 | D        | Noticed a boulder beetle
  4561 | D        | Noticed a deep elf demonologist
  4561 | D        | Noticed a profane servitor
  4561 | D        | Noticed a deep elf sorcerer
  4561 | D        | Noticed a deep elf high priest
  4562 | D        | Noticed a blizzard demon
  4562 | D        | Noticed a vault guard
  4562 | D        | Noticed a bunyip
  4562 | D        | a boulder beetle changed into a bunyip
  4562 | D        | Noticed a deep elf demonologist
  4563 | D        | Noticed a wolf spider
  4563 | D        | a bunyip changed into a wolf spider
  4564 | D        | Noticed a vampire mage
  4565 | D        | Noticed a bunyip
  4565 | D        | a wolf spider changed into a bunyip
  4567 | D        | Noticed a boulder beetle
  4567 | D        | a bunyip changed into a boulder beetle
  4567 | D        | Mangled by a hell knight

Illustrated notes

Levels and vault maps discovered:
D:        pitsprint [storerooms_1, entrance_room_1, metal_vault_6, armoury_1,
          mini_pit_1, grid_room_1, main_hall_1, silver_pit, the_coven_2,
          the_vestibule_1, steel_vault_3, golden_pit, hallway_of_sentries,
          crystal_vault_2, iron_vault_4, final_vault]

Skill      XL: |  1  2  3  4  5  6  7  8  9 10 |
---------------+-------------------------------+-----
Stealth        | 6 7 8 9 11 12 13 14 18 19 | 19.5
Dodging        | 5 7 9 10 11 13 16 17 | 17.8
Fighting       | 4 5 7 9 10 13 14 | 14.2
Unarmed Combat | 4 5 7 9 10 13 14 | 14.2

Action                   |  1- 3 |  4- 6 |  7- 9 | 10-12 || total
-------------------------+-------+-------+-------+-------++-------
Melee: Unarmed           |    47 |    42 |   111 |   115 ||   315
       Bite              |     3 |     2 |    11 |    13 ||    29
       Punch             |       |       |     3 |     9 ||    12
Invok: Lunge             |     3 |     5 |    14 |    11 ||    33
       Whirlwind         |       |       |     9 |     3 ||    12
       Serpent's Lash    |       |       |       |     1 ||     1
       Heavenly Storm    |       |       |       |     1 ||     1
 Abil: Wall Jump         |     1 |     1 |     3 |     3 ||     8
  Use: Potion            |       |     1 |     4 |     9 ||    14
       Scroll            |       |       |       |     2 ||     2
 Stab: Sleeping          |     6 |     5 |    15 |     9 ||    35
       Invisible         |       |       |     5 |     2 ||     7
       Distracted        |       |       |     1 |     3 ||     4
Armor: Skin              |     2 |     3 |     4 |       ||     9
Dodge: Dodged            |    43 |    22 |   118 |   151 ||   334
